 Dungeon Sprint DCSS version 0.30.1 (webtiles) character file.

Game seed: 1332963924281446214

130 boopmooplesden the Trooper (level 4, -5/54 HPs)
             Began as a Demonspawn Berserker on July 5, 2023.
             Was a Follower of Trog.
             Slain by a neqoxec (9 damage)
             ... in the Dungeon (Sprint II: "The Violet Keep of Menkaure").
             The game lasted 00:00:11 (20 turns).

boopmooplesden the Trooper (Demonspawn Berserker)     Turns: 20, Time: 00:00:12

Health: -5/54      AC:  2    Str: 20    XL:     4   Next: 90%
Magic:  4/4        EV: 12    Int:  8    God:    Trog [*.....]
Gold:   0          SH:  0    Dex: 12    Spells: 3/3 levels left

rFire   . . .        a - +0 spear
rCold   . . .        (no shield)
rNeg    . . .        b - +0 animal skin
rPois   .            (no helmet)
rElec   .            (no cloak)
rCorr   .            (no gloves)
SInv    .            (no boots)
Will    .....        (no amulet) Stlth
                     (no ring)
HPRegen 0.29/turn    (no ring)
MPRegen 0.09/turn

%: no teleportation
@: berserking (expiring), very quick
A: weakness stinger 2, frail 1
a: Renounce Religion, Berserk


You were in the Dungeon.
You worshipped Trog.
Trog was aware of your devotion.
You visited 1 branch

Inventory:

Hand Weapons
 a - a +0 spear (weapon)
Armour
 b - a +0 animal skin (worn)
Scrolls
 h - a scroll of blinking
Potions
 c - a potion of curing
 d - a potion of heal wounds
 e - a potion of haste
 f - 2 potions of magic
 g - a potion of berserk rage


   Skills:
 + Level 6.7 Fighting
 + Level 6.4 Polearms
 + Level 3.2 Armour
 + Level 3.1 Dodging


You had 3 spell levels left.
You didn't know any spells.
Your spell library was empty.

Dungeon Overview and Level Annotations

Branches:
Dungeon (1/1)

Altars:


Innate Abilities, Weirdness & Mutations

You have a tail ending in a sharp stinger.
You are frail. (-10% HP)


Message History

You hit the neqoxec.
The neqoxec is almost dead.
The neqoxec gestures at you.
Strange energies course through your body.
You feel frail.
You barely miss the neqoxec.
The neqoxec is almost dead.
The neqoxec gestures at you.
Something tries to feed on your intellect!
The neqoxec completely misses you.
You puncture the neqoxec!
You kill the neqoxec!
Trog accepts your kill.
You feel your intelligence returning.
Your Fighting skill gained 3 levels and is now at level 6!
Your Polearms skill gained 4 levels and is now at level 6!
Your Armour skill gained 2 levels and is now at level 3!
Your Dodging skill gained 2 levels and is now at level 3!
You have reached level 2!
You feel monstrous as your demonic heritage exerts itself.
Your demonic ancestry asserts itself...
You grow a small tail.
You have reached level 3!
Your experience leads to an increase in your attributes!
Increase (S)trength, (I)ntelligence, or (D)exterity?
You feel stronger. x2; Your demonic ancestry asserts itself...
Your tail grows a sharp stinger.
You have reached level 4!
You feel stronger. The neqoxec hits you! x2
* * * LOW HITPOINT WARNING * * *
The neqoxec hits you!
* * * LOW HITPOINT WARNING * * *
There is an open door, spattered with blood here.
You puncture the neqoxec!
The neqoxec is moderately wounded.
You closely miss the neqoxec. You tail-slap the neqoxec.
The neqoxec is moderately wounded.
The neqoxec barely misses you. The neqoxec hits you!
You die...

### ##
#..##.#
#333#
#@#
##.##
+.<.+
##.##
#+#


You could see 3 neqoxecs.

Vanquished Creatures
  A neqoxec (D)
1 creature vanquished.

Notes
Turn   | Place    | Note
-------+----------+-------------------------------------------
     0 | D        | boopmooplesden the Demonspawn Berserker began the quest for
                  | the Orb.
     0 | D        | Reached XP level 1. HP: 18/18 MP: 1/1
     1 | D        | Noticed a neqoxec
     1 | D        | Noticed a neqoxec
     1 | D        | Noticed a neqoxec
     1 | D        | Noticed a neqoxec
    15 | D        | Gained mutation: You are frail. (-10% HP) [a neqoxec]
    17 | D        | Killed a neqoxec
    18 | D        | Discovered your monstrous ancestry.
    18 | D        | Gained mutation: You have a small tail. [demonic ancestry]
    18 | D        | Reached XP level 2. HP: 24/26 MP: 2/2
    18 | D        | Gained mutation: You have a tail ending in a sharp stinger.
                  | [demonic ancestry]
    18 | D        | Reached XP level 3. HP: 29/31 MP: 3/3
    18 | D        | Reached XP level 4. HP: 34/36 MP: 4/4
    20 | D        | Slain by a neqoxec

Illustrated notes

Levels and vault maps discovered:
D:        the_violet_keep_of_menkaure [sprint2_stairs_cluster_1,
          sprint2_shoproom, sprint2_temple, sprint2_basic_supplies,
          sprint2_obstacle_4, sprint2_obstacle_6, sprint2_obstacle_3,
          sprint2_obstacle_7, sprint2_obstacle_1, sprint2_timed_cluster_1,
          sprint2_smallroom_cluster_1, sprint2_smallroom_final_cluster_1,
          sprint2_transparent_cluster_1, sprint2_second_timed_cluster_1,
          sprint2_sniper_area_1, sprint2_heavy_combat_area_1,
          sprint2_mutation_trap_area_1, sprint2_forest_area_1,
          sprint2_light_combat_area_1, sprint2_behind_water_1,
          sprint2_near_end_vault_1]

Skill      XL: |  1 |
---------------+----+-----
Fighting       | 6 |  6.7
Polearms       | 6 |  6.4
Armour         | 3 |  3.2
Dodging        | 3 |  3.1

Action                     |  1- 3 |  4- 6 || total
---------------------------+-------+-------++-------
  Melee: Spear             |    15 |     2 ||    17
         Tailslap          |       |     1 ||     1
 Invoke: Berserk           |     1 |       ||     1
 Armour: Animal skin       |     1 |       ||     1
  Dodge: Dodged            |     4 |     1 ||     5
